 Dungeon Crawl Stone Soup version 0.32-a0-868-g153ae1a8d6 (webtiles) character file.

Game seed: 15940897023587464573

846 Fodor the Chopper (level 7, 0/60 HPs)
             Began as a Minotaur Fighter on Mar 28, 2024.
             Was an Initiate of Gozag.
             Succumbed to an orc wizard's poison
             ... on level 5 of the Dungeon.
             The game lasted 00:09:41 (3709 turns).

Fodor the Chopper (Minotaur Fighter)                Turns: 3709, Time: 00:09:41

Health: 0/60       AC: 15    Str: 23    XL:     7   Next: 68%
Magic:  6/6        EV:  5    Int:  5    God:    Gozag
Gold:   378        SH: 10    Dex: 15    Spells: 6/6 levels left

rFire   . . .        a - +0 war axe
rCold   . . .        c - +0 buckler
rNeg    . . .        j - +0 plate armour
rPois   .            (helmet restricted)
rElec   .            (no cloak)
rCorr   .            v - +0 pair of gloves
SInv    .            m - +0 pair of boots
Will    .....        f - amulet of reflection Stlth
                     y - +6 ring of dexterity
HPRegen 0.30/turn    (no ring)
MPRegen 0.10/turn

%: reflection
@: lethally poisoned (0 -> -26), weakened, gold aura
A: horns 2, retaliatory headbutt
a: Renounce Religion, Potion Petition, Call Merchant, Bribe Branch


You were on level 5 of the Dungeon.
You worshipped Gozag.
Gozag was aware of your devotion.
You visited 2 branches of the dungeon, and saw 6 of its levels.

You collected 464 gold pieces.
You paid 86 gold pieces to Gozag.

Inventory:

Hand Weapons
 a - a +0 war axe (weapon)
Missiles
 n - 9 boomerangs (quivered)
Armour
 c - a +0 buckler (worn)
 j - a +0 plate armour (worn)
 m - a +0 pair of boots (worn)
 v - a +0 pair of gloves (worn)
Jewellery
 f - an amulet of reflection (around neck)
 y - a +6 ring of dexterity (left hand)
Talismans
 w - a blade talisman
Wands
 A - a wand of mindburst (21)
Scrolls
 b - 2 scrolls of noise {unknown}
 e - 3 scrolls of teleportation {unknown}
 k - 2 scrolls of fog {unknown}
 l - 2 scrolls of butterflies {unknown}
 o - a scroll of immolation {unknown}
 p - 2 scrolls of blinking {unknown}
 q - 3 scrolls of identify {unknown}
 s - a scroll of brand weapon {unknown}
 x - a scroll of enchant weapon {unknown}
 C - a scroll of poison {unknown}
Potions
 d - 3 potions of might
 g - a potion of degeneration {unknown}
 h - a potion of berserk rage {unknown}
 i - 2 potions of curing {unknown}
 r - a potion of ambrosia {unknown}
 u - 2 potions of lignification {unknown}
 z - a potion of enlightenment {unknown}
 B - 2 potions of attraction {unknown}


   Skills:
 + Level 4.9 Fighting
 + Level 7.9 Axes
 + Level 6.0 Armour
 + Level 0.5 Dodging
 + Level 5.4 Shields


You had 6 spell levels left.
You didn't know any spells.
Your spell library contained the following spells:

 Spells                   Type           Power      Damage    Failure   Level
 Lesser Beckoning         Tloc           0%         N/A       100%        2
 Inner Flame              Hex/Fire       0%         N/A       100%        3
 Teleport Other           Tloc           0%         N/A       100%        3
 Flame Wave               Conj/Fire      0%         2d4       100%        4
 Maxwell's Portable Pile  Tloc           0%         2d(5-10)  100%        4
 Sticky Flame             Fire/Alch      0%         2d4       100%        4


Dungeon Overview and Level Annotations

Branches:
Dungeon (5/15)             Temple (1/1) D:4

Altars:
Ashenzari
Cheibriados
Dithmenos
Elyvilon
Fedhas
Gozag
Hepliaklqana
Kikubaaqudgha
Nemelex Xobeh
Okawaru
Qazlal
Ru
Sif Muna
Trog
Uskayaw
Vehumet
Wu Jian
Xom
Yredelemnul
The Shining One

Shops:
D:5 =


Innate Abilities, Weirdness & Mutations

You have a pair of horns on your head.
You reflexively headbutt those who attack you in melee.


Message History

Your attacks no longer feel as feeble.
You feel very sick.
The gnoll is no longer distracted by gold.
The orc priest calls down the wrath of Beogh upon you.
Beogh smites you!
The gnoll bouda gazes fiercely through you!
You feel your attacks grow feeble.
The gnoll bouda hits you but does no damage.
The gnoll hits you but does no damage.
You completely miss something. You hit the gnoll.
You hit the gnoll bouda but do no damage.
You feel less confused.
You feel very sick. You block the gnoll's attack.
Something hits you but does no damage.
You are more poisoned.
The orc priest is distracted by your dazzling golden aura.
You block the gnoll bouda's attack. The gnoll hits you but does no damage.
Aiming: Mindburst
Press: ? - help, Q - select action, (/) - cycle Shift-Dir - straight line, f - gnoll
Aim: a gnoll, wielding a +0 spear (covering ground quickly, chance to affect: 72%)
The gnoll bouda's mind is blasted!
You blow up the gnoll bouda!
You feel very sick. The gnoll barely misses you.
Something hits you but does no damage.
You are lethally poisoned!
The gnoll hits you with a +0 flail!
* * * LOW HITPOINT WARNING * * *
Your Armour skill increases to level 6!
Aiming: Mindburst
Press: ? - help, Q - select action, (/) - cycle Shift-Dir - straight line, f/p - gnoll
Aim: a gnoll, wielding a +0 spear (covering ground quickly, chance to affect: 72%)
The gnoll struggles to resist.
* * * LOW HITPOINT WARNING * * *
You feel very sick.
You block the gnoll's attack. x2; Something hits you but does no damage.
You are more poisoned.
The gnoll closely misses you. You furiously retaliate!
You headbutt the gnoll!
You kill the gnoll!
You die...
Your body crumbles into a pile of gold.

..#.%...####..###.........#
..########...## ######.#.##
......#....### #.#.#
#.##.##.##.# #...#
#........#.# ###.#
.....####..######## ###
####.'............#
.#######..........#
..#####..>......@.#
...#.####.......g{#
......########.g.$#
.......#.#####...o#
..........#.##....#
.............#....#
..........#.##....#
.......#.#####..$.#
......#### #....#


You could see an orc priest and 2 gnolls.

Vanquished Creatures
  Menkaure (D:4)
  An ogre (D:5)
  Blork the orc (D:4)
  A bombardier beetle (D:5)
  3 jellies
  Crazy Yiuf (D:4)
  An orc priest (D:2)
  2 gnoll boudas
  Ijyb (D:4)
  An iguana (D:5)
  Natasha (thrice) (D:2)
  2 orc wizards (D:5)
  3 adders
  5 gnolls
  A white imp (D:5)
  7 orcs
  10 endoplasms
  2 giant cockroaches
  4 goblins
  A hobgoblin (D:2)
  4 quokkas
  3 ball pythons
  6 bats
  6 frilled lizards
  5 kobolds
  8 rats
83 creatures vanquished.

Notes
Turn   | Place    | Note
-------+----------+-------------------------------------------
     0 | D:1      | Fodor the Minotaur Fighter began the quest for the Orb.
     0 | D:1      | Reached XP level 1. HP: 19/19 MP: 0/0
   166 | D:1      | Reached XP level 2. HP: 27/27 MP: 1/1
   306 | D:1      | Reached skill level 3 in Axes
   563 | D:2      | Reached XP level 3. HP: 33/33 MP: 2/2
   818 | D:2      | Noticed Natasha
   823 | D:2      | Killed Natasha
   824 | D:2      | Reached XP level 4. HP: 40/40 MP: 3/3
   963 | D:2      | Noticed Natasha
   965 | D:2      | Killed Natasha
   966 | D:2      | Reached skill level 4 in Axes
  1275 | D:2      | Noticed Natasha
  1282 | D:2      | Killed Natasha
  1283 | D:2      | Reached XP level 5. HP: 38/47 MP: 4/4
  2007 | D:4      | Found a staircase to the Ecumenical Temple.
  2021 | Temple   | Entered the Ecumenical Temple
  2052 | Temple   | Became a worshipper of Gozag Ym Sagoz the Greedy
  2324 | D:4      | Found a runed translucent door.
  2325 | D:4      | Noticed Crazy Yiuf
  2332 | D:4      | Killed Crazy Yiuf
  2333 | D:4      | Reached skill level 5 in Axes
  2392 | D:4      | Noticed Ijyb
  2409 | D:4      | Killed Ijyb
  2566 | D:4      | Noticed Blork the orc
  2575 | D:4      | Killed Blork the orc
  2576 | D:4      | Reached skill level 5 in Armour
  2576 | D:4      | Reached XP level 6. HP: 53/53 MP: 5/5
  2628 | D:4      | Noticed Menkaure
  2637 | D:4      | Killed Menkaure
  2638 | D:4      | Reached skill level 6 in Axes
  2638 | D:4      | Reached skill level 5 in Shields
  3069 | D:4      | Reached XP level 7. HP: 60/60 MP: 6/6
  3181 | D:5      | Entered Level 5 of the Dungeon
  3246 | D:5      | Reached skill level 7 in Axes
  3373 | D:5      | Identified the flux talisman "Put-Me-On" {Will+ rCorr}
  3513 | D:5      | Found Raoqonys's Jewellery Emporium.
  3700 | D:5      | HP: 3/60 [something (2)]
  3709 | D:5      | Succumbed to an orc wizard's poison

Illustrated notes

Levels and vault maps discovered:
D:1:      minmay_arrival_stair_chambers, layout_basic,
          hangedman_abyss_or_decor_lesser_grid, chequers_serial_rivers_micro_a
D:2:      cheibrodos_pilgrimage, layout_basic, supply_closet_lemuel,
          uniq_natasha
D:3:      minmay_diamond_boxcup, layout_basic, serial_rivers,
          chequers_serial_rivers_micro_b, chequers_serial_rivers_small_b,
          chequers_serial_rivers_large_b, chequers_serial_rivers_large_a,
          chequers_serial_rivers_room_b, chequers_serial_rivers_small_b
D:4:      layout_basic, minmay_temple_entry_stoned_glass, uniq_ijyb,
          uniq_menkaure, uniq_blork_the_orc, uniq_crazy_yiuf_cottage
D:5:      layout_basic, serial_shops, shop, nicolae_figureground_pulse
Temple:   mainiacjoe_temple_big_plus

Skill      XL: |  1  2  3  4  5  6  7 |
---------------+----------------------+-----
Axes           | 3 4 5 6 7 |  7.9
Shields        | 4 5 |  5.4
Fighting       | 4 |  4.9
Armour         | 4 5 6 |  6.0
Dodging        | |  0.5

Action                     |  1- 3 |  4- 6 |  7- 9 || total
---------------------------+-------+-------+-------++-------
  Melee: War axe           |    48 |    99 |    49 ||   196
         Headbutt          |     7 |    18 |    14 ||    39
  Evoke: Wand              |       |       |     2 ||     2
    Use: Potion            |       |       |     2 ||     2
 Armour: Scale mail        |    30 |       |       ||    30
         Plate armour      |     3 |    79 |    61 ||   143
  Dodge: Dodged            |    20 |    23 |    21 ||    64
  Block: Buckler           |    16 |    58 |    29 ||   103

Table legend: (Time is in decaauts)
 A = Elapsed time spent in this place.
 B = Non-inter-level travel time spent in this place.
 C = Inter-level travel time spent in this place.
 D = Time resting spent in this place.
 E = Time spent auto-exploring this place.
 F = Levels seen in this place.
 G = Mean time per level.
                   A        B        C        D        E       F      G
               +--------+--------+--------+--------+--------+-----+--------+
         Total |   3798 |   3652 |    146 |      0 |   2703 |   6 |  633.0 |
       Dungeon |   3736 |   3639 |     97 |      0 |   2703 |   5 |  747.2 |
        Temple |     61 |     12 |     49 |      0 |      0 |   1 |   61.0 |
               +--------+--------+--------+--------+--------+-----+--------+

Top non-repeatable levels by time:
     D:4: 1163 daAuts
     D:2: 873 daAuts
     D:3: 680 daAuts
     D:5: 535 daAuts
     D:1: 484 daAuts
  Temple: 61 daAuts
